 Dungeon Crawl Stone Soup version 0.27.0-1-g7a089689b8 (webtiles) character file.

Game seed: 16098679275796589401

885 Kinoniko the Slicer (level 8, -3/46 HPs)
             Began as a Kobold Berserker on Aug 10, 2021.
             Was a Priest of Trog.
             Slain by a yak (12 damage)
             ... on level 4 of the Dungeon.
             The game lasted 00:04:25 (4342 turns).

Kinoniko the Slicer (Kobold Berserker)              Turns: 4342, Time: 00:04:26

Health: -3/46      AC: 12    Str: 15    XL:     8   Next: 26%
Magic:  8/8        EV: 11    Int:  8    God:    Trog [***...]
Gold:   137        SH:  0    Dex: 16    Spells: 7/7 levels left

rFire    . . .     SeeInvis .   a - +0 short sword
rCold    . . .     Faith    .   (shield restricted)
rNeg     . . .     Spirit   .   f - +0 shadow dragon scales
rPois    .         Reflect  .   (no helmet)
rElec    .         Harm     .   j - +0 cloak
rCorr    .         Rampage  .   e - +0 pair of gloves
Will     .....                  (no boots)
Stlth    +++++.....             d - amulet of the acrobat
HPRegen  0.15/turn              (no ring)
MPRegen  0.11/turn              (no ring)

@: on berserk cooldown, slowed, very slow
A: small, no large weapons, nightstalker 3
a: Renounce Religion, Berserk, Trog's Hand


You were on level 4 of the Dungeon.
You worshipped Trog.
Trog was most pleased with you.
You visited 1 branch of the dungeon, and saw 4 of its levels.
You also visited: Sewer.

You collected 137 gold pieces.

Inventory:

Hand Weapons
 a - a +0 short sword (weapon)
Armour
 e - a +0 pair of gloves (worn)
 f - +0 shadow dragon scales (worn)
 j - a +0 cloak (worn)
Jewellery
 d - an amulet of the acrobat (around neck)
 m - a ring of ice
Scrolls
 c - a scroll of fog
 h - a scroll of holy word {unknown}
 l - a scroll of acquirement {unknown}
Potions
 b - 3 potions of flight
 g - a potion of lignification {unknown}
 i - 2 potions of heal wounds
 k - a potion of curing {unknown}


   Skills:
 - Level 3.2 Fighting
 * Level 9.8 Short Blades
 - Level 1.5 Armour
 + Level 6.1 Dodging
 + Level 3.9 Stealth


You had 7 spell levels left.
You didn't know any spells.
Your spell library was empty.

Dungeon Overview and Level Annotations

Branches:
Dungeon (4/15)             Temple (0/1) D:4           Sewer (visited)

Altars:
Gozag
Zin


Innate Abilities, Weirdness & Mutations

You are small and have problems with some larger weapons.
You are completely attuned to the shadows.


Message History

The yak is moderately wounded.
The yak barely misses you. The yak gores you but does no damage.
You closely miss the yak.
The yak is moderately wounded.
You puncture the yak!
The yak is heavily wounded.
You hit the yak but do no damage.
The yak is heavily wounded.
You puncture the yak!
The yak is severely wounded.
You barely miss the yak.
The yak is severely wounded.
You barely miss the yak.
The yak is severely wounded.
You are no longer berserk.
You are exhausted.
You feel yourself slow down. The yak gores you.
You hit the yak.
The yak is severely wounded.
The yak gores you but does no damage. The yak misses you.
You barely miss the yak.
The yak is severely wounded.
The yak gores you. x2
You are too injured to fight recklessly!
You are too injured to fight recklessly!
You are too injured to fight recklessly!
The yak closely misses you. The yak closely misses you. The yak gores you!
* * * LOW HITPOINT WARNING * * *
The yak gores you.
* * * LOW HITPOINT WARNING * * *
There is a staircase to the Ecumenical Temple, spattered with blood here.
You can't go up here!
Unknown command.
Okay, then.
You can't go up here!
Unknown command.
The yak gores you!
You die...

..## #####+++# ....
........#########
....
.#...............
#.†#...##...#########
#g.## ##..#
##†J####...#
##YYY......#
#..@...#..##
.......#...#
##..##.##...# #.#
###...## #. .##


You could see 3 yaks, an endoplasm and a goblin.

Vanquished Creatures
  Sigmund (D:2)
  2 yaks (D:4)
  A necrophage (D:4)
  A kobold brigand (Sewer)
  An orc priest (D:3)
  An iguana (D:4)
  An orc wizard (D:3)
  3 gnolls (D:2)
  6 adders
  2 river rats
  3 worms
  A dart slug (D:1)
  3 orcs (D:3)
  9 endoplasms
  5 giant cockroaches
  6 goblins
  5 hobgoblins
  11 jackals
  10 kobolds
  6 quokkas
  8 ball pythons
  5 bats
  4 frilled lizards
  A jackal skeleton (D:4)
  11 rats
107 creatures vanquished.

Notes
Turn   | Place    | Note
-------+----------+-------------------------------------------
     0 | D:1      | Kinoniko the Kobold Berserker began the quest for the Orb.
     0 | D:1      | Reached XP level 1. HP: 14/14 MP: 1/1
   159 | D:1      | Reached XP level 2. HP: 15/19 MP: 2/2
   452 | D:1      | Reached XP level 3. HP: 20/23 MP: 3/3
   454 | D:1      | Reached skill level 5 in Short Blades
   771 | D:1      | Reached ** piety under Trog
  1335 | D:1      | Found a faded altar of an unknown god.
  1837 | D:2      | Reached XP level 4. HP: 28/28 MP: 4/4
  1858 | D:2      | Reached skill level 6 in Short Blades
  1954 | D:2      | Noticed Sigmund
  1959 | D:2      | Killed Sigmund
  1960 | D:2      | Reached skill level 7 in Short Blades
  1960 | D:2      | Reached XP level 5. HP: 32/32 MP: 5/5
  1960 | D:2      | Reached XP level 6. HP: 37/37 MP: 6/6
  2542 | D:3      | Found a glowing drain.
  2558 | Sewer    | Entered a sewer
  2633 | Sewer    | Reached skill level 8 in Short Blades
  2633 | Sewer    | Reached skill level 5 in Dodging
  2796 | Sewer    | Found a white marble altar of Elyvilon.
  3014 | D:3      | Reached *** piety under Trog
  3135 | D:3      | Reached XP level 7. HP: 39/41 MP: 7/7
  3144 | D:3      | Reached skill level 1 in Stealth
  3381 | D:3      | Found a glowing silver altar of Zin.
  3710 | D:3      | Found an opulent altar of Gozag.
  4293 | D:4      | Found a staircase to the Ecumenical Temple.
  4299 | D:4      | Noticed a yak
  4299 | D:4      | Noticed a yak
  4306 | D:4      | Noticed a yak
  4308 | D:4      | Noticed a yak
  4310 | D:4      | Reached skill level 9 in Short Blades
  4314 | D:4      | Killed a yak
  4315 | D:4      | Reached XP level 8. HP: 46/46 MP: 8/8
  4318 | D:4      | Noticed a yak
  4321 | D:4      | Killed a yak
  4342 | D:4      | Slain by a yak

Illustrated notes

Levels and vault maps discovered:
D:1:      minmay_arrival_open_corners, layout_basic,
          shapermc_ecumenical_altar_mp_vishouse, chequers_serial_rivers_micro_a
D:2:      layout_basic, uniq_sigmund
D:3:      layout_loops_ring, general_overflow_altar,
          lemuel_coloured_pillars_altar, portal_sewer_entry_e
D:4:      layout_basic, mainiacjoe_overflow_concentric_impassable,
          lemuel_doored_altar, minmay_temple_entry_wispy, minivault_23,
          kennysheep_cluttered_room, uniq_grinder

Skill      XL: |  1  2  3  4  5  6  7  8 |
---------------+-------------------------+-----
Dodging        | 3 4 5 6 |  6.1
Short Blades   | 5 7 8 9 |  9.8
Stealth        | 3 |  3.9
Fighting       | |  3.2
Armour         | |  1.5

Action                   |  1- 3 |  4- 6 |  7- 9 || total
-------------------------+-------+-------+-------++-------
Melee: Short sword       |    86 |    98 |   131 ||   315
Invok: Berserk           |     2 |     4 |     3 ||     9
  Use: Scroll            |       |     2 |       ||     2
 Stab: Sleeping          |    11 |    16 |     8 ||    35
       Distracted        |       |     1 |       ||     1
Armor: Animal skin       |     7 |       |       ||     7
       Shadow dragon sca |       |    42 |    40 ||    82
Dodge: Dodged            |    80 |    44 |    54 ||   178
